AoeStats
← el droga niños

Arabia

510215414Analyzed
3v3 RM · 13h ago on Sep 30, 2026· 20m 17s· 6 players
Game mode
Random Map
Map size
Normal (6 player)
Population
200
Speed
Normal
Resources
Standard
Victory
Conquest
Starting age
Dark Age
Ending age
Imperial Age
RankedLock teamsTeams togetherTeam positionsShared explorationLock speedFull tech treeHidden civsTurbo modeCheats
Victory
Defeat
🇺🇸 Vietnamese · United States
1258
+19
🇦🇷 Celts · Argentina
1245
+19
🇺🇸 Varangians · United States
1239
+20
🇦🇷 Ethiopians · Argentina
1348
-21
🇦🇷 Berbers · Argentina
1314
-19
🇦🇷 Maya · Argentina
1298
-18
[GWJ] Birgitte
4:04 Loom
9:07 Feudal Age
10:09 Double-Bit Axe
11:45 Gold Mining
11:54 Horse Collar
16:34 Fletching
17:29 Wheelbarrow
19:15 Padded Archer Armor
Tom Bombadil
9:04 Feudal Age
9:05 Loom
10:57 Bloodlines
12:35 Wheelbarrow
LeChuck
5:57 Loom
8:56 Feudal Age
9:22 Double-Bit Axe
10:17 Horse Collar
14:39 Forging
17:27 Wheelbarrow
20:12 Scale Barding Armor
Tocinito del Diablo
9:24 Feudal Age
9:32 Loom
10:11 Double-Bit Axe
10:07 Horse Collar
13:14 Forging
17:18 Scale Barding Armor
22:28 Castle Age
Helado de Diarrea
0:29 Loom
0:38 Loom
9:00 Feudal Age
12:29 Fletching
15:33 Double-Bit Axe
19:25 Wheelbarrow
el droga niños
6:56 Loom
9:31 Feudal Age
11:00 Double-Bit Axe
14:17 Fletching
Connection lost

Rejoining the realm…

Still unreachable

The connection could not be restored.

Session expired

The server has moved on; the page needs a fresh start.